 Dungeon Sprint DCSS version 0.27.1-1-g398f81649c (webtiles) character file.

Game seed: 2564850143614389971

5457 styxcanada the Imperceptible (level 10, -10/55 HPs)
             Began as a Spriggan Brigand on Sept 7, 2021.
             Was an Initiate of Gozag.
             Mangled by Agnes (17 damage)
             ... in the Dungeon (Sprint IV: "Fedhas' Mad Dash").
             The game lasted 00:09:03 (1209 turns).

styxcanada the Imperceptible (Spriggan Brigand)     Turns: 1209, Time: 00:09:03

Health: -10/55     AC:  3    Str:  7    XL:     10   Next: 41%
Magic:  10/11      EV: 25    Int: 13    God:    Gozag
Gold:   680        SH:  6    Dex: 20    Spells: 4/9 levels left

rFire    . . .     SeeInvis +   l - +2 short sword (holy)
rCold    . . .     Faith    .   j - +0 buckler
rNeg     . . .     Spirit   .   b - +0 robe
rPois    .         Reflect  .   t - +0 hat {Will+}
rElec    .         Harm     .   c - +0 cloak
rCorr    .         Rampage  .   (gloves unavailable)
Will     ++...     NoTele   +   (boots unavailable)
Stlth    +++++++++.             m - amulet of invisibility {+Inv}
HPRegen  0.18/turn              (no ring)
MPRegen  0.12/turn              (no ring)

@: very slightly contaminated, studying Short Blades, invisible, very quick
A: very small, no large weapons, unfitting armour, see invisible, speed 3
a: Renounce Religion, Evoke Invisibility, Potion Petition, Call Merchant, Bribe
Branch


You were in the Dungeon.
You worshipped Gozag.
Gozag was pleased with you.
You visited 1 branch You collected 2470 gold pieces.
You spent 1790 gold pieces at shops.

Inventory:

Hand Weapons
 a - a +2 dagger
 l - a +2 short sword of holy wrath (weapon)
 r - the +9 mace "Uhao" {freeze, Will+}
   (You found it in the Dungeon)

   It freezes those it strikes, dealing additional cold damage.
   It can also slow down cold-blooded creatures.
   Will:      It increases your willpower.
 s - a +0 hunting sling
Missiles
 d - 17 poisoned darts (quivered)
 e - 2 curare-tipped darts
 u - 18 stones
Armour
 b - a +0 robe (worn)
 c - a +0 cloak (worn)
 j - a +0 buckler (worn)
 t - a +0 hat of willpower (worn)
Jewellery
 m - the amulet of invisibility (around neck) {+Inv}
   (You found it in the Dungeon)

   [amulet of nothing]

   +Inv:      It lets you turn invisible.
 p - an amulet of reflection
Scrolls
 n - 2 scrolls of identify
 o - a scroll of amnesia
Potions
 f - 2 potions of curing
 h - a potion of haste
 i - 2 potions of magic
Miscellaneous
 q - a tin of tremorstones (2/2)


   Skills:
 * Level 7.1 Fighting
 * Level 9.7 Short Blades
 + Level 3.5 Throwing
 * Level 10.9 Dodging
 * Level 25.1 Stealth
 * Level 12.2 Evocations


You had 4 spell levels left.
You knew the following spells:

 Your Spells              Type           Power      Damage    Failure   Level
a - Slow                  Hex            0%         N/A       61%         2
b - Confusing Touch       Hex            0%         N/A       83%         3

Your spell library contained the following spells:

 Spells                   Type           Power      Damage    Failure   Level
 Beastly Appendage        Tmut           0%         N/A       45%         1
 Wereblood                Tmut           0%         N/A       61%         2
 Spider Form              Tmut/Pois      0%         N/A       83%         3
 Yara's Violent Unravell  Hex/Tmut       0%         3d3       100%        5


Dungeon Overview and Level Annotations

Branches:
Dungeon (1/1)

Altars:
Cheibriados
Dithmenos
Elyvilon
Gozag
Hepliaklqana
Kikubaaqudgha
Makhleb
Nemelex Xobeh
Okawaru
Qazlal
Ru
Sif Muna
Trog
Uskayaw
Vehumet
Wu Jian
Xom
Yredelemnul
Zin
The Shining One
Beogh
Jiyva
Lugonu

Shops:
D [===:?[:

Annotations:
D Agnes


Innate Abilities, Weirdness & Mutations

You are very small and have problems with some larger weapons.
You are too small for most types of armour.
You have supernaturally acute eyesight. (SInv)
You cover ground extremely quickly. (Speed+++)


Message History

This spell is quite dangerous to cast!
Memorise Confusing Touch, consuming 3 spell levels and leaving 4?
You start memorising the spell.
You continue memorising. x3
You finish memorising.
Spell assigned to 'b'.
There is an open door, spattered with blood here.
You see here a +0 spear.
Things that are here:
a +0 rapier; a +0 robe
There is an open door here.
Things that are here:
a +0 short sword; a +0 robe
There is an open door here.
You fade into invisibility!
You are very lightly contaminated with residual magic.
As you open the door, it creaks loudly!
Agnes the Wanderer comes into view.
She is wielding a +0 lajatang and wearing a +0 robe of willpower.
Unknown command.
There is an open door here.
A spriggan berserker comes into view. It is wielding a +0 rapier.
Found Lutaop's Jewellery Emporium.
Found Vecves's Jewellery Shoppe.
Agnes shouts!
Agnes hits you with a +0 lajatang!!
Ouch! That really hurt!
You completely miss Agnes. Agnes hits you with a +0 lajatang!
* * * LOW HITPOINT WARNING * * *
You feel much better. Agnes closely misses you. Agnes misses you.
You block Agnes's attack.
Throw: 18 darts (poison)
Press: ? - help, Q - select action, (/) - cycle Shift-Dir - straight line, f - Agnes
Aim: Agnes, wielding a +0 lajatang and wearing a +0 robe of willpower (36% to hit)
You throw a poisoned dart. The poisoned dart hits Agnes!
Agnes is poisoned.
Agnes hits you with a +0 lajatang!!
* * * LOW HITPOINT WARNING * * *
You hit Agnes but do no damage. Agnes completely misses you. x2
You miss Agnes.
Agnes is lightly wounded.
Agnes hits you with a +0 lajatang!
You die...
Your body crumbles into a pile of gold.

'.._._._._._..'..#...#....'..##'#
#..._._._._...#..###'##..)##∩#..#
#.._._._._._..#..##∩∩.'...#####..
#._._._._._.⌠.#################..
###################......###.....
#♣♣♣♣♣..♣.###.'..'...)...'))...♣.
......♣..♣##..#..#.P.....########
♣..♣♣♣.♣).###.##'##.P....#
.♣♣..♣...♣'...#♣@♣########
###############.i...####
#..♣..♣....# #.i.♣......♣..
......♣.....∩.∩ ###############


You could see Agnes (very poisoned) and a spriggan berserker (asleep).

Vanquished Creatures
  A spriggan druid (D)
  6 oklob plants (D)
  A demonic crawler (D)
  A queen bee (D)
  3 burning bushes (D)
  3 wandering mushrooms (D)
  A hornet (D)
  3 scorpions (D)
  4 killer bees (D)
  5 oklob saplings (D)
  5 spriggans (D)
  A river rat (D)
  A rat (D)
  A ballistomycete spore (D)
36 creatures vanquished.

Notes
Turn   | Place    | Note
-------+----------+-------------------------------------------
     0 | D        | styxcanada the Spriggan Brigand began the quest for the
                  | Orb.
     0 | D        | Reached XP level 1. HP: 10/10 MP: 2/2
     9 | D        | Reached skill level 7 in Stealth
     9 | D        | Reached XP level 2. HP: 12/15 MP: 3/3
    10 | D        | Reached skill level 8 in Stealth
    68 | D        | Noticed an oklob sapling
    70 | D        | Killed an oklob sapling
    71 | D        | Reached skill level 10 in Stealth
    71 | D        | Reached XP level 3. HP: 18/18 MP: 4/4
    72 | D        | Noticed a scorpion
    72 | D        | Found the amulet of invisibility {+Inv}
    74 | D        | Killed a scorpion
    75 | D        | Reached skill level 12 in Stealth
    75 | D        | Reached XP level 4. HP: 23/23 MP: 5/5
    94 | D        | Found an opulent altar of Gozag.
    94 | D        | Found a hazy altar of Hepliaklqana.
    94 | D        | Found a burning altar of Makhleb.
    94 | D        | Found a sparkling altar of Nemelex Xobeh.
    94 | D        | Found a snail-covered altar of Cheibriados.
    94 | D        | Found a sacrificial altar of Ru.
    94 | D        | Found a shimmering blue altar of Sif Muna.
    94 | D        | Found a shimmering altar of Xom.
    94 | D        | Found a basalt altar of Yredelemnul.
    95 | D        | Found a viscous altar of Jiyva.
    95 | D        | Found a bloodstained altar of Trog.
    95 | D        | Found an ornate altar of the Wu Jian Council.
    96 | D        | Found an iron altar of Okawaru.
    96 | D        | Found a shadowy altar of Dithmenos.
    96 | D        | Found a glowing silver altar of Zin.
    97 | D        | Found an ancient bone altar of Kikubaaqudgha.
    97 | D        | Found a hide-covered altar of Uskayaw.
    98 | D        | Found a stormy altar of Qazlal.
    98 | D        | Found a white marble altar of Elyvilon.
    98 | D        | Found a glowing golden altar of the Shining One.
    99 | D        | Became a worshipper of Gozag Ym Sagoz the Greedy
   100 | D        | Found a corrupted altar of Lugonu.
   100 | D        | Found a radiant altar of Vehumet.
   107 | D        | Reached skill level 13 in Stealth
   107 | D        | Reached XP level 5. HP: 28/28 MP: 3/6
   154 | D        | Reached skill level 5 in Dodging
   154 | D        | Reached skill level 14 in Stealth
   154 | D        | Reached skill level 1 in Evocations
   158 | D        | Reached skill level 15 in Stealth
   163 | D        | Reached XP level 6. HP: 33/33 MP: 5/7
   189 | D        | Found Ymayt's Jewellery Shop.
   190 | D        | Found Natsevomo's Antique Armour Emporium.
   208 | D        | Noticed a burning bush
   208 | D        | Noticed a wandering mushroom
   209 | D        | Noticed a wandering mushroom
   212 | D        | Killed a burning bush
   213 | D        | Reached skill level 17 in Stealth
   213 | D        | Killed a wandering mushroom
   214 | D        | Reached skill level 18 in Stealth
   214 | D        | Reached skill level 5 in Evocations
   214 | D        | Reached XP level 7. HP: 38/38 MP: 5/8
   214 | D        | Killed a wandering mushroom
   215 | D        | Reached skill level 5 in Fighting
   215 | D        | Reached skill level 19 in Stealth
   228 | D        | Found Heted's Magic Scroll Emporium.
   228 | D        | Found Puddeash's Book Shoppe.
   237 | D        | Bought a scroll of identify for 24 gold pieces
   237 | D        | Bought a scroll of enchant weapon for 90 gold pieces
   237 | D        | Bought a scroll of enchant weapon for 90 gold pieces
   284 | D        | Noticed a queen bee
   291 | D        | Killed a queen bee
   292 | D        | Reached skill level 5 in Short Blades
   292 | D        | Reached skill level 20 in Stealth
   292 | D        | Reached XP level 8. HP: 43/43 MP: 7/9
   361 | D        | Bought a scroll of acquirement for 624 gold pieces
   361 | D        | Acquired a manual of Short Blades
   410 | D        | Noticed an oklob plant
   413 | D        | Killed an oklob plant
   414 | D        | Reached skill level 21 in Stealth
   424 | D        | Noticed a burning bush
   427 | D        | Killed a burning bush
   428 | D        | Reached XP level 9. HP: 48/48 MP: 8/10
   473 | D        | Noticed a burning bush
   473 | D        | Noticed an oklob plant
   474 | D        | Noticed a wandering mushroom
   475 | D        | Killed a burning bush
   476 | D        | Reached skill level 22 in Stealth
   480 | D        | Killed an oklob plant
   484 | D        | Killed a wandering mushroom
   485 | D        | Reached skill level 23 in Stealth
   485 | D        | Reached skill level 10 in Evocations
   489 | D        | Identified the +9 mace "Uhao" {freeze, Will+}
   551 | D        | Noticed a spriggan druid
   553 | D        | Killed a spriggan druid
   554 | D        | Reached skill level 10 in Dodging
   627 | D        | Bought a scroll of acquirement for 624 gold pieces
   627 | D        | Acquired a +0 hat of willpower
   696 | D        | Noticed an oklob plant conjurer
   697 | D        | Killed an oklob plant conjurer
   774 | D        | Noticed an oklob plant
   774 | D        | Noticed an oklob plant summoner
   775 | D        | Noticed an oklob plant shifter
   780 | D        | Killed an oklob plant
   781 | D        | Reached skill level 24 in Stealth
   781 | D        | Reached XP level 10. HP: 53/53 MP: 8/11
   782 | D        | Killed an oklob plant summoner
   784 | D        | Killed an oklob plant shifter
   847 | D        | Noticed a spriggan rider
   848 | D        | Found Fily's Armour Emporium.
   874 | D        | Reached skill level 25 in Stealth
  1150 | D        | Found Neenany's Book Shoppe.
  1168 | D        | Bought a book of Misfortune for 338 gold pieces
  1171 | D        | Learned a level 2 spell: Slow
  1175 | D        | Learned a level 3 spell: Confusing Touch
  1196 | D        | Noticed Agnes
  1198 | D        | Found Lutaop's Jewellery Emporium.
  1198 | D        | Noticed a spriggan berserker
  1200 | D        | Found Vecves's Jewellery Shoppe.
  1209 | D        | Mangled by Agnes

Illustrated notes

Levels and vault maps discovered:
D:        dungeon_sprint_fedhas [sprint_temple]

Skill      XL: |  1  2  3  4  5  6  7  8  9 10 |
---------------+-------------------------------+-----
Dodging        | 2 3 4 5 7 8 9 10 | 10.9
Stealth        | 7 10 12 13 15 18 20 21 24 25 | 25.1
Fighting       | 2 3 4 5 6 7 |  7.1
Short Blades   | 3 4 5 6 8 9 |  9.7
Evocations     | 2 5 6 8 11 12 | 12.2
Throwing       | 3 |  3.5

Action                   |  1- 3 |  4- 6 |  7- 9 | 10-12 || total
-------------------------+-------+-------+-------+-------++-------
Melee: Dagger            |     2 |       |       |       ||     2
       Short sword       |     2 |    10 |    18 |    33 ||    63
Throw: Dart              |       |       |       |    10 ||    10
 Abil: Evoke Invisibilit |       |     3 |     6 |     2 ||    11
  Use: Scroll            |       |       |     5 |     1 ||     6
       Potion            |       |       |       |     2 ||     2
 Stab: Sleeping          |     3 |     5 |    18 |     3 ||    29
       Invisible         |       |     3 |       |     1 ||     4
Armor: Robe              |       |       |       |     1 ||     1
Dodge: Dodged            |       |       |       |    20 ||    20
Block: Buckler           |       |       |       |     1 ||     1
